 Dungeon Crawl Stone Soup version 0.31-a0-844-gdc52ec4e09 (webtiles) character file.

Game seed: 11787940867003302557

217 lunkers the Insei (level 6, -9/47 HPs)
             Began as a Meteoran Shapeshifter on Sept 28, 2023.
             Was a Believer of Qazlal.
             Mangled by an ogre
             ... wielding a +0 giant club
              (14 damage)
             ... on level 4 of the Dungeon.
             The game lasted 00:02:26 (1500 turns).

lunkers the Insei (Meteoran Shapeshifter)           Turns: 1500, Time: 00:02:27

Health: -9/47      AC:  8    Str: 15    XL:     6   Next: 40%
Magic:  7/7        EV:  7    Int: 12    God:    Qazlal [**....]
Gold:   194        SH:  3    Dex: 16    Spells: 5/5 levels left

rFire   . .          .
                       - Unarmed
rCold   + . .        (no shield)
rNeg    . . .        m - +0 chain mail
rPois   .            (helmet currently unavailable)
rElec   .            (cloak currently unavailable)
rCorr   .            (gloves currently unavailable)
SInv    .            (boots currently unavailable)
Will    .....        (no amulet) Stlth
                     o - ring of protection from cold
HPRegen 0.27/turn    (no ring)
MPRegen 0.10/turn

%: no passive effects
@: beast-form, glowing
A: beast (slay +2), sense surroundings 1, otherworldly, glowing, explore regen
a: Begin Untransformation, Renounce Religion, Upheaval


You were on level 4 of the Dungeon.
You worshipped Qazlal.
Qazlal was pleased with you.
You were a hulking beast.
You visited 1 branch of the dungeon, and saw 4 of its levels.

You collected 194 gold pieces.

Inventory:

Armour
 a - a +0 animal skin
 m - a +0 chain mail (worn)
Jewellery
 o - a ring of protection from cold (left hand)
Talismans
 c - a beast talisman (active)
 d - a flux talisman
Scrolls
 e - a scroll of revelation {unknown}
 g - a scroll of identify {unknown}
 h - 3 scrolls of amnesia {unknown}
 i - a scroll of enchant weapon {unknown}
 j - a scroll of fear {unknown}
 p - a scroll of vulnerability {unknown}
Potions
 b - a potion of lignification
 f - a potion of mutation {unknown}
 k - 2 potions of curing {unknown}
 l - 3 potions of haste {unknown}
 n - a potion of degeneration {unknown}
 q - a potion of attraction {unknown}
 r - a potion of enlightenment {unknown}
 s - a potion of heal wounds {unknown}


   Skills:
 - Level 1.1 Fighting
 - Level 2.1 Dodging
 * Level 6.6 Unarmed Combat
 + Level 5.1 Shapeshifting


You had 5 spell levels left.
You didn't know any spells.
Your spell library contained the following spells:

 Spells                   Type           Power      Damage    Failure   Level
 Ensorcelled Hibernation  Hex/Ice        0%         N/A       100%        2
 Jinxbite                 Hex            0%         N/A       100%        2
 Passwall                 Tmut/Erth      0%         N/A       100%        2
 Swiftness                Air            0%         N/A       100%        3
 Anguish                  Hex/Necr       0%         N/A       100%        4
 Alistair's Intoxication  Tmut/Pois      0%         N/A       100%        5
 Borgnjor's Vile Clutch   Necr/Erth      0%         N/A       100%        5
 Eringya's Noxious Bog    Tmut/Pois      0%         4d6       100%        6


Dungeon Overview and Level Annotations

Branches:
Dungeon (4/15) Zot: 913
 Temple: D:4-7

Altars:
Makhleb
Qazlal

Shops:
D:3 (


Innate Abilities, Weirdness & Mutations

You are a hulking beast.
Your limbs bulge with bestial killing power. (Slay +2)
You passively map a small area around you.
You are easily found by Zot.
You glow in the dark.
You regain HP and MP as you explore.


Message History

No target in view!
No target in view!
No target in view!
No target in view!
No target in view!
No target in view!
No target in view!
No target in view!
No target in view!
No target in view!
No target in view!
No target in view!
No target in view!
No target in view!
No target in view!
Found a stone staircase leading down.
An ogre comes into view. It is wielding a +0 giant club.
The ogre shouts!
You barely miss the ogre. The ogre hits you with a +0 giant club!
You hit the ogre.
The ogre is lightly wounded.
You barely miss the ogre.
The ogre is lightly wounded.
The ogre hits you with a +0 giant club!
* * * LOW HITPOINT WARNING * * *
You hit the ogre.
The ogre is moderately wounded.
The ogre hits you with a +0 giant club!
* * * LOW HITPOINT WARNING * * *
You hit the ogre.
The ogre is heavily wounded.
You punch the ogre!
The ogre is almost dead.
The ogre barely misses you.
You barely miss the ogre.
The ogre is almost dead.
You hit the ogre.
The ogre is almost dead.
The ogre hits you with a +0 giant club!
You die...

* * , ..# , , #.#*
* ,*# #.# , ,
##'####.# , , ,
#.......#* ,
#.......# , ,
#,#.....§O# , ,
##. #' #h# , ,, *
...##.####.## # *
............#.#...
, ,
..................
,
..................
, #...[...........
.##..##.####.##.#.
,,
......#...........
, #...#.####....#>


You could see an ogre.

Vanquished Creatures
  A phantom (D:3)
  A hound (D:4)
  A gnoll (D:2)
  4 adders
  4 worms
  2 endoplasms (D:3)
  3 giant cockroaches
  7 goblins
  5 hobgoblins
  9 jackals
  7 kobolds
  2 quokkas
  3 ball pythons
  4 bats
  7 frilled lizards
  5 rats
65 creatures vanquished.

Notes
Turn   | Place    | Note
-------+----------+-------------------------------------------
     0 | D:1      | lunkers the Meteoran Shapeshifter began the quest for the
                  | Orb.
     0 | D:1      | Reached XP level 1. HP: 16/16 MP: 2/2
   123 | D:1      | Reached XP level 2. HP: 20/23 MP: 3/3
   186 | D:1      | Reached skill level 4 in Unarmed Combat
   443 | D:2      | Found a faded altar of an unknown god.
   456 | D:2      | Prayed at the altar of an unknown god.
   456 | D:2      | Became a worshipper of Qazlal Stormbringer
   456 | D:2      | Reached * piety under Qazlal
   501 | D:2      | Reached XP level 3. HP: 25/28 MP: 4/4
   616 | D:2      | Reached XP level 4. HP: 34/35 MP: 5/5
   679 | D:2      | Reached skill level 5 in Unarmed Combat
   696 | D:2      | Reached ** piety under Qazlal
  1087 | D:3      | Reached XP level 5. HP: 40/40 MP: 6/6
  1195 | D:3      | Found a burning altar of Makhleb.
  1210 | D:3      | Found Soxt's Weapon Boutique.
  1210 | D:3      | Noticed a phantom
  1221 | D:3      | Killed a phantom
  1222 | D:3      | Reached skill level 6 in Unarmed Combat
  1222 | D:3      | Reached XP level 6. HP: 41/47 MP: 7/7
  1410 | D:4      | Reached skill level 5 in Shapeshifting
  1489 | D:4      | Noticed an ogre
  1500 | D:4      | Mangled by an ogre

Illustrated notes

Levels and vault maps discovered:
D:1:      scummos_arrival_simple_crosswalls, layout_loops_ring
D:2:      kennysheep_six_static_rooms, layout_basic,
          hellmonk_ecumenical_altar_dog_temple, dreamdust_princess_corridor
D:3:      layout_basic, mainiacjoe_overflow_tiny_flanked, serial_shops,
          nicolae_shop_bloodbath_and_beyond
D:4:      layout_basic, chequers_serial_rivers_room_a

Skill      XL: |  1  2  3  4  5  6 |
---------------+-------------------+-----
Unarmed Combat | 4 5 6 |  6.6
Shapeshifting  | 4 5 |  5.1
Fighting       | |  1.1
Dodging        | |  2.1

Action                     |  1- 3 |  4- 6 || total
---------------------------+-------+-------++-------
  Melee: Unarmed           |    47 |    99 ||   146
         Punch             |     1 |     2 ||     3
 Armour: Animal skin       |    13 |       ||    13
         Chain mail        |    12 |    61 ||    73
  Dodge: Dodged            |    20 |    28 ||    48
  Block: Other             |     1 |    11 ||    12

Table legend: (Time is in decaauts)
 A = Elapsed time spent in this place.
 B = Non-inter-level travel time spent in this place.
 C = Inter-level travel time spent in this place.
 D = Time resting spent in this place.
 E = Time spent auto-exploring this place.
 F = Levels seen in this place.
 G = Mean time per level.
                   A        B        C        D        E       F      G
               +--------+--------+--------+--------+--------+-----+--------+
         Total |   1485 |   1485 |      0 |      0 |   1120 |   4 |  371.2 |
       Dungeon |   1485 |   1485 |      0 |      0 |   1120 |   4 |  371.2 |
               +--------+--------+--------+--------+--------+-----+--------+

Top non-repeatable levels by time:
     D:2: 598 daAuts
     D:1: 441 daAuts
     D:3: 288 daAuts
     D:4: 156 daAuts
